 Dungeon Crawl Stone Soup version 0.28-a0-664-gc179e30c89 (webtiles) character file.

Game seed: 15878920035236640010

110187 andesha the Slayer (level 16, -12/178 HPs)
             Began as a Minotaur Berserker on Oct 16, 2021.
             Was a High Priest of Trog.
             Mangled by an orc knight (15 damage)
             ... on level 15 of the Dungeon.
             The game lasted 01:16:28 (24759 turns).

andesha the Slayer (Minotaur Berserker)            Turns: 24759, Time: 01:16:29

Health: -12/178    AC: 26    Str: 27      XL:     16   Next: 6%
Magic:  15/15      EV: 11    Int:  1 (5)  God:    Trog [*****.]
Gold:   551        SH:  0    Dex: 23      Spells: 15/15 levels left

rFire   + . .      SeeInvis .   u - +8 whip "Snakebite" {venom, curare, rPois}
rCold   . . .      Faith    .   (no shield)
rNeg    . . .      Spirit   .   d - +1 plate armour {Will+}
rPois   +          Reflect  .   (helmet restricted)
rElec   .          Harm     .   r - +2 cloak
rCorr   .          Rampage  .   k - +0 pair of gloves
Will    +++..      Rage     1%  (no boots)
Stlth   ..........              (no amulet)
HPRegen 0.39/turn               e - +6 ring of dexterity
MPRegen 0.14/turn               j - +6 ring of dexterity

@: studying Maces & Flails, unable to read
A: horns 2, retaliatory headbutt, berserk 1, fire resistance 1, strong-willed 1,
inability to read while threatened
a: Renounce Religion, Berserk, Trog's Hand, Brothers in Arms


You were on level 15 of the Dungeon.
You worshipped Trog.
Trog was extremely pleased with you.
You visited 4 branches of the dungeon, and saw 24 of its levels.
You also visited: Sewer.

You collected 2439 gold pieces.
You spent 1888 gold pieces at shops.

Inventory:

Hand Weapons
 g - a +7 morningstar of flaming
 s - the +4 great mace of Megocuo {vorpal, rC+}
   (Trog gifted it to you on level 6 of the Lair of Beasts)

   It inflicts extra damage upon your enemies.
   rC:        It protects you from cold.
 t - the +6 great mace of Harmony {vorpal, rC+}
   (Trog gifted it to you on level 6 of the Lair of Beasts)

   It inflicts extra damage upon your enemies.
   rC:        It protects you from cold.
 u - the +8 whip "Snakebite" (weapon) {venom, curare, rPois}
   (You bought it in a shop on level 2 of the Orcish Mines)

   It poisons the flesh of those it strikes.
   It occasionally inflicts asphyxiating poison on those it strikes, dealing
   poison damage and causing slowness.
   rPois:     It protects you from poison.
Armour
 d - a +1 plate armour of willpower (worn)
 k - a +0 pair of gloves (worn)
 r - a +2 cloak (worn)
Jewellery
 a - a ring of protection from cold
 e - a +6 ring of dexterity (left hand)
 f - a ring of see invisible
 j - a +6 ring of dexterity (right hand)
Scrolls
 l - 2 scrolls of blinking
 m - 5 scrolls of teleportation
 p - a scroll of holy word
 q - 4 scrolls of identify
Potions
 c - 4 potions of haste
 h - 4 potions of berserk rage
 o - a potion of ambrosia


   Skills:
 * Level 25.1 Fighting
 - Level 14.0 Maces & Flails
 * Level 21.2 Armour
 + Level 4.5 Dodging
 + Level 2.6 Stealth


You had 15 spell levels left.
You didn't know any spells.
Your spell library contained the following spells:

 Spells                   Type           Power      Damage    Failure   Level
 Blink                    Tloc           N/A        N/A       99%         2
 Wereblood                Tmut           0%         N/A       99%         2
 Portal Projectile        Hex/Tloc       0%         N/A       100%        3
 Blade Hands              Tmut           0%         N/A       100%        5
 Excruciating Wounds      Necr           0%         N/A       100%        5


Dungeon Overview and Level Annotations

Branches:
Dungeon (15/15)            Temple (0/1) D:4            Lair (6/6) D:8
 Shoals (1/4) Lair:2        Snake (0/4) Lair:4        Slime (0/5) Lair:5
    Orc (2/2) D:11            Elf (0/3) Orc:2        Vaults (0/5) D:13
  Sewer (visited)
 Depths: D:15

Altars:
Ashenzari
Cheibriados
Fedhas
Gozag
Makhleb
Okawaru
Ru
Sif Muna
Trog
Uskayaw
Vehumet
Wu Jian
Xom
Yredelemnul
The Shining One
Beogh
Lugonu

Shops:
D:1 *   D:5 *   Orc:2 ?:!(!

Portals:
Abyss: Lair:6
Pandemonium: Orc:2
Trove: D:14 (give 4 scrolls of fog)


Innate Abilities, Weirdness & Mutations

You have a pair of horns on your head.
You reflexively headbutt those who attack you in melee.
You tend to lose your temper in combat.
Your flesh is heat resistant. (rF+)
You are strong-willed. (Will+)
You sometimes lose the ability to read scrolls when taking damage.


Message History

Something hits you.
* * * LOW HITPOINT WARNING * * *
The brown ugly thing basks in the mutagenic energy from its kin and changes!
The white ugly thing basks in the mutagenic energy from its kin and changes!
The great orb of eyes pulsates ominously.
The centaur warrior shoots an arrow.
The arrow misses you.
The great orb of eyes pulsates ominously.
Things that are here:
a +4 great sword of draining; a +0 chain mail; a human skeleton You can read scrolls again.
The centaur warrior shoots an arrow.
The arrow hits you but does no damage.
An orc knight comes into view. It is wielding a +0 great sword.
An ugly thing, a centaur warrior and a meliai come into view.
The meliai is wielding a +2 war axe of draining and carrying a wand of mindburst (15).
Found 24 stones.
The red ugly thing gurgles horribly!
The meliai buzzes angrily.
The centaur warrior shouts!
The orc knight shouts!
You hear a shout!
The meliai calls down the wrath of its god upon you.
Something smites you!
You feel threatened and lose the ability to read scrolls!
* * * LOW HITPOINT WARNING * * *
A centaur warrior comes into view.
The meliai zaps a wand.
You resist with almost no effort.
The centaur warrior wields a +0 longbow.
The centaur warrior shoots an arrow.
The arrow hits you but does no damage. The great orb of eyes gazes at you.
You resist with almost no effort.
The red ugly thing basks in the mutagenic energy from its kin and changes!
The meliai invokes the aid of its god against you.
Something smites you!
* * * LOW HITPOINT WARNING * * *
The centaur warrior wields a +0 shortbow.
The centaur warrior shoots an arrow.
The arrow closely misses you.
The orc knight hits you but does no damage.
The centaur warrior shoots an arrow.
The arrow hits you but does no damage.
The centaur warrior shoots an arrow.
The arrow hits you but does no damage.
The orc knight hits you but does no damage.
There is a stone staircase leading up here.
The orc knight hits you with a +0 great sword!
You die...

...........# ####.....#
.......##### ##....#
......##... #......
......#...z. ......
......#....u### #...###
......#.(...'c####....#
......## ##y........#
......u#####.##Go.....#
......W...Ju###.@.....#
........uWc## #...c...#
...........# #.......#
...........# #.......#
...........# #.......#
......##...# #.......#
......##...# #.........
......##.... ...####...


You could see an orc knight, a great orb of eyes, a red ugly thing, a skeletal
warrior, 2 centaur warriors and a meliai.

Vanquished Creatures
  5 boulder beetles
  13 hydras
  The ghost of Rennog the Fighter, a journeyman BaFi of Hepliaklqana (Lair:1)
  2 vault guards (D:13)
  A catoblepas (D:13)
  A centaur warrior (D:14)
  3 demonspawn (Orc:2)
  A death knight (D:15)
  12 death yaks
  14 two-headed ogres
  3 thrashing horrors (Lair:6)
  6 orc high priests (Orc:2)
  A deep elf pyromancer (D:8)
  8 orc knights
  A wolf spider (D:14)
  20 ugly things
  6 orc sorcerers
  The ghost of Figureslego113 the Magician, a novice DrVM of Vehumet (D:7)
  6 cyclopes
  A manticore (D:14)
  12 elephants (Lair:6)
  A smoke demon (Lair:6)
  5 black mambas
  A merfolk siren (Lair:2)
  2 gargoyles (D:12)
  A rust devil (Orc:2)
  A torpor snail (Lair:6)
  A kobold demonologist (D:12)
  8 cane toads
  A rime drake (Lair:2)
  An unseen horror (D:13)
  9 komodo dragons
  Psyche (D:9)
  A freezing wraith (D:15)
  3 trolls
  4 polar bears
  An ancient zyme (Lair:6)
  A wind drake (shapeshifter) (D:14)
  2 slime creatures (D:12)
  6 blink frogs
  3 hornets
  16 dream sheep
  9 small abominations (Lair:6)
  2 spriggans (Lair:6)
  A ynoxinul (Orc:2)
  2 shadows (D:13)
  A water elemental (D:15)
  5 wyverns
  3 vampires
  2 fire bats (D:6)
  2 wraiths
  A large abomination (Lair:6)
  44 yaks
  9 humans (D:13)
  5 basilisks
  A neqoxec (Orc:2)
  A golden eye (shapeshifter) (Lair:6)
  2 steam dragons
  4 chaos spawn
  4 vampire mosquitoes (D:13)
  5 nagas (Lair:4)
  5 wargs
  2 acid dragons
  A warg (shapeshifter) (Lair:6)
  12 water moccasins
  A floating eye (shapeshifter) (Lair:6)
  A meliai simulacrum (D:15)
  A black bear (Lair:3)
  29 orc warriors
  A sky beast (D:4)
  13 wolves
  13 ogres
  16 centaurs
  A necrophage (D:6)
  A phantom (D:6)
  5 kobold brigands (Sewer)
  10 bullfrogs
  4 scorpions
  2 wyvern zombies
  A hornet simulacrum (D:13)
  2 wights (D:7)
  2 water moccasin skeletons (D:6)
  6 howler monkeys
  5 electric eels
  A jelly (D:4)
  A bullfrog zombie (D:6)
  5 centaur zombies
  5 quasits (D:7)
  A bullfrog skeleton (D:5)
  2 centaur skeletons
  26 orc priests
  A gnoll shaman (D:8)
  3 hounds
  3 iguanas
  23 orc wizards
  A hound zombie (D:5)
  3 howler monkey zombies
  5 gnolls (D:8)
  8 river rats
  13 adders
  3 white imps
  An ufetubus (D:4)
  An adder skeleton (D:4)
  6 worms
  3 dart slugs
  86 orcs
  11 endoplasms
  2 giant cockroaches
  11 goblins
  7 hobgoblins
  2 jackals (D:1)
  17 kobolds
  2 quokkas
  11 ball pythons
  2 bats
  7 frilled lizards
  A jackal skeleton (D:4)
  11 rats
709 creatures vanquished.

Vanquished Creatures (collateral kills)
  An ogre mage (D:15)
  A two-headed ogre (D:15)
  3 death yaks (Lair:6)
  A soul eater (Orc:2)
  An orc knight (D:15)
  A manticore (D:15)
  A cyclops (D:15)
  A cane toad (Lair:6)
  A troll (D:8)
  A blink frog (Lair:6)
  A ynoxinul (D:8)
  A small abomination (Lair:6)
  14 yaks (Lair:6)
  3 basilisks (Lair:6)
  A warg (Orc:1)
  2 orc warriors (Orc:1)
  A wight (D:8)
  3 orc priests
  3 orcs
41 creatures vanquished.

Vanquished Creatures (others)
  A human (D:13)
  A hobgoblin (D:9)
  21 fungi
  73 plants
96 creatures vanquished.

Grand Total: 846 creatures vanquished

Notes
Turn   | Place    | Note
-------+----------+-------------------------------------------
     0 | D:1      | andesha the Minotaur Berserker began the quest for the Orb.
     0 | D:1      | Reached XP level 1. HP: 19/19 MP: 0/0
   113 | D:1      | Reached skill level 4 in Fighting
   244 | D:1      | Reached XP level 2. HP: 26/27 MP: 1/1
   274 | D:1      | Found Zufias's General Store.
   679 | D:1      | Reached ** piety under Trog
   935 | D:2      | Reached XP level 3. HP: 34/34 MP: 2/2
  1097 | D:2      | Found a bloodstained altar of Trog.
  1816 | D:3      | Reached XP level 4. HP: 26/41 MP: 3/3
  1888 | D:3      | Reached skill level 5 in Fighting
  1888 | D:3      | Reached skill level 5 in Maces & Flails
  1968 | D:3      | Reached XP level 5. HP: 48/48 MP: 4/4
  2460 | D:4      | Noticed a sky beast
  2460 | D:4      | Noticed an ogre
  2470 | D:4      | Killed an ogre
  2474 | D:4      | Killed a sky beast
  2475 | D:4      | Reached XP level 6. HP: 46/57 MP: 5/5
  2497 | D:4      | Reached skill level 6 in Fighting
  2668 | D:4      | Found a staircase to the Ecumenical Temple.
  2717 | D:4      | Reached *** piety under Trog
  3002 | D:4      | Reached XP level 7. HP: 51/63 MP: 6/6
  3099 | D:4      | Found a snail-covered altar of Cheibriados.
  3420 | D:5      | Entered Level 5 of the Dungeon
  3528 | D:5      | Found Googguve's General Store.
  3535 | D:5      | Found a broken altar of Ashenzari.
  3536 | D:5      | Bought a scroll of identify for 30 gold pieces
  3551 | D:5      | Reached skill level 5 in Armour
  3847 | D:5      | Found a glowing drain.
  3856 | Sewer    | Entered a sewer
  3895 | Sewer    | Reached skill level 7 in Fighting
  4202 | Sewer    | Reached XP level 8. HP: 58/73 MP: 7/7
  4640 | Sewer    | Reached **** piety under Trog
  5001 | Sewer    | Gained mutation: You tend to lose your temper in combat.
                  | [potion of mutation]
  5001 | Sewer    | Gained mutation: You sometimes lose the ability to read
                  | scrolls when taking damage. [potion of mutation]
  5001 | Sewer    | Gained mutation: You have hidden genetic potential. [potion
                  | of mutation]
  5059 | D:5      | Reached skill level 8 in Fighting
  5460 | D:6      | Found a transporter.
  5800 | D:6      | Noticed a boulder beetle
  5831 | D:6      | Killed a boulder beetle
  5832 | D:6      | Reached skill level 9 in Fighting
  5832 | D:6      | Reached skill level 10 in Maces & Flails
  5832 | D:6      | Reached XP level 9. HP: 69/83 MP: 8/8
  5834 | D:6      | Gained mutation: Your flesh is heat resistant. (rF+)
                  | [hidden potential]
  6126 | D:6      | Found a transporter.
  6143 | D:6      | Reached skill level 10 in Fighting
  6770 | D:7      | Noticed Figureslego113's ghost (novice DrVM)
  6799 | D:7      | Found a transporter.
  6809 | D:7      | Found a transporter.
  6819 | D:7      | Killed Figureslego113's ghost
  6821 | D:7      | Reached XP level 10. HP: 94/94 MP: 9/9
  6851 | D:7      | Identified a scroll of acquirement
  6851 | D:7      | Acquired a +2 vampiric demon whip
  6930 | D:7      | Found a hide-covered altar of Uskayaw.
  6931 | D:7      | Paralysed by a hornet for 3 turns
  7086 | D:7      | Found an opulent altar of Gozag.
  7255 | D:7      | Found a basalt altar of Yredelemnul.
  7365 | D:8      | Noticed a deep elf pyromancer
  7514 | D:8      | Killed a deep elf pyromancer
  7515 | D:8      | Reached skill level 11 in Fighting
  7527 | D:8      | Gained mutation: You are strong-willed. (Will+) [hidden
                  | potential]
  7527 | D:8      | Lost mutation: You have hidden genetic potential. [hidden
                  | potential expressed]
  7751 | D:8      | Noticed a death yak
  7751 | D:8      | Noticed a death yak
  7764 | D:8      | Killed a death yak
  7765 | D:8      | Noticed a death yak
  7765 | D:8      | Noticed a death yak
  7765 | D:8      | Noticed a death yak
  7772 | D:8      | Killed a death yak
  7773 | D:8      | Reached skill level 12 in Fighting
  7782 | D:8      | Killed a death yak
  7789 | D:8      | Killed a death yak
  7790 | D:8      | Reached skill level 13 in Fighting
  7790 | D:8      | Reached skill level 10 in Armour
  7790 | D:8      | Reached skill level 1 in Stealth
  7797 | D:8      | Killed a death yak
  7798 | D:8      | Reached XP level 11. HP: 39/107 MP: 10/10
  8041 | D:8      | Acquired a manual of Fighting
  8049 | D:8      | Found a staircase to the Lair.
  8135 | D:8      | Reached ***** piety under Trog
  8286 | D:8      | Found a shimmering blue altar of Sif Muna.
  8316 | D:8      | Got Sif Muna's Guide on Warped Moulding
  8404 | D:8      | Found a bloodstained altar of Trog.
  8492 | D:9      | Noticed Psyche
  8495 | D:9      | Killed Psyche
  8568 | D:9      | Found a radiant altar of Vehumet.
  8677 | D:9      | Reached skill level 14 in Fighting
  8721 | D:9      | Found a sacrificial altar of Ru.
  8815 | D:9      | Identified the +8 hand crossbow of Resourcefulness {elec,
                  | *Corrode rElec Dex+4}
  8856 | D:9      | Noticed a two-headed ogre
  8865 | D:9      | Killed a two-headed ogre
  9263 | D:10     | Entered Level 10 of the Dungeon
  9294 | D:10     | Noticed a two-headed ogre
  9304 | D:10     | Killed a two-headed ogre
  9395 | D:10     | Noticed a two-headed ogre
  9403 | D:10     | Killed a two-headed ogre
  9404 | D:10     | Reached skill level 15 in Fighting
  9487 | D:10     | Paralysed by a hornet for 1 turns
  9575 | D:10     | Noticed an eight-headed hydra
  9584 | D:10     | Killed an eight-headed hydra
  9659 | D:10     | Found a blossoming altar of Fedhas.
  9661 | D:10     | Found a shimmering altar of Xom.
  9663 | D:10     | Found a glowing golden altar of the Shining One.
  9777 | D:10     | Found an iron altar of Okawaru.
  9980 | D:10     | Noticed a two-headed ogre
  9987 | D:10     | Killed a two-headed ogre
 10080 | D:10     | Reached skill level 16 in Fighting
 10272 | D:11     | Noticed an eight-headed hydra
 10283 | D:11     | Killed an eight-headed hydra
 10403 | D:11     | Found a staircase to the Orcish Mines.
 10754 | D:11     | Noticed a two-headed ogre
 10765 | D:11     | Killed a two-headed ogre
 10766 | D:11     | Reached skill level 17 in Fighting
 10907 | D:11     | Noticed a two-headed ogre
 10917 | D:11     | Killed a two-headed ogre
 10918 | D:11     | Reached XP level 12. HP: 125/125 MP: 11/11
 10964 | D:11     | Noticed an eight-headed hydra
 10971 | D:11     | Killed an eight-headed hydra
 11334 | Lair:1   | Entered Level 1 of the Lair of Beasts
 11438 | Lair:1   | Reached skill level 18 in Fighting
 11629 | Lair:1   | Found the +8 arc blade {discharge, rElec}
 12029 | Lair:1   | Found a runed translucent door.
 12039 | Lair:1   | Noticed Rennog's ghost (journeyman BaFi)
 12055 | Lair:1   | Killed Rennog's ghost
 12533 | Lair:2   | Reached skill level 15 in Armour
 12709 | Lair:2   | Found a staircase to the Shoals.
 12721 | Shoals:1 | Entered Level 1 of the Shoals
 12822 | Lair:2   | Noticed an eight-headed hydra
 12832 | Lair:2   | Killed an eight-headed hydra
 12832 | Lair:2   | Received a gift from Trog
 12870 | Lair:2   | Reached skill level 19 in Fighting
 13472 | Lair:3   | Paralysed by a hornet for 3 turns
 13554 | Lair:3   | Reached XP level 13. HP: 128/138 MP: 12/12
 13920 | Lair:3   | You fall into a shaft and drop 2 floors!
 13956 | Lair:5   | Found a staircase to the Slime Pits.
 14241 | Lair:5   | Reached skill level 20 in Fighting
 14286 | Lair:6   | Entered Level 6 of the Lair of Beasts
 14518 | Lair:6   | Reached skill level 21 in Fighting
 14536 | Lair:6   | Reached ****** piety under Trog
 14701 | Lair:6   | Identified the +4 great mace of Megocuo {vorpal, rC+} (Trog
                  | gifted it to you on level 6 of the Lair of Beasts)
 14701 | Lair:6   | Received a gift from Trog
 15102 | Lair:6   | Reached XP level 14. HP: 124/151 MP: 13/13
 15544 | Lair:6   | Reached skill level 22 in Fighting
 16098 | Lair:6   | Identified the +6 great mace of Harmony {vorpal, rC+} (Trog
                  | gifted it to you on level 6 of the Lair of Beasts)
 16098 | Lair:6   | Received a gift from Trog
 16209 | Lair:6   | Found a corrupted altar of Lugonu.
 16209 | Lair:6   | Found a one-way gate to the infinite horrors of the Abyss.
 16808 | Lair:4   | Found a staircase to the Snake Pit.
 16973 | Lair:3   | Reached skill level 23 in Fighting
 17108 | Orc:1    | Entered Level 1 of the Orcish Mines
 17393 | Orc:1    | Found a runed translucent door.
 17645 | Orc:1    | Found a shimmering altar of Xom.
 17802 | Orc:2    | Entered Level 2 of the Orcish Mines
 17816 | Orc:1    | Received a gift from Trog
 18003 | Orc:2    | Found a staircase to the Elven Halls.
 18141 | Orc:2    | Found Inun's Distillery.
 18675 | Orc:2    | Bought a potion of heal wounds for 55 gold pieces
 18675 | Orc:2    | Bought a potion of heal wounds for 55 gold pieces
 18675 | Orc:2    | Bought a potion of heal wounds for 55 gold pieces
 18675 | Orc:2    | Bought 2 potions of heal wounds for 110 gold pieces
 19050 | Orc:2    | Reached XP level 15. HP: 52/165 MP: 14/14
 19359 | Orc:2    | Found Sipnahai's Distillery.
 19362 | Orc:2    | Found Atsaykec's Magic Scroll Emporium.
 19408 | Orc:2    | Received a gift from Trog
 19733 | Orc:2    | Bought a scroll of identify for 24 gold pieces
 19733 | Orc:2    | Bought a scroll of identify for 24 gold pieces
 19733 | Orc:2    | Bought a scroll of identify for 24 gold pieces
 19733 | Orc:2    | Bought a scroll of identify for 24 gold pieces
 19733 | Orc:2    | Bought a scroll of identify for 24 gold pieces
 19790 | Orc:2    | Found Vies's Book Shop.
 19790 | Orc:2    | Found Uklulopa's Antique Weapon Boutique.
 19791 | Orc:2    | Found a one-way gate leading to the halls of Pandemonium.
 19804 | Orc:2    | Bought the +8 whip "Snakebite" {venom, curare, rPois} for
                  | 1463 gold pieces
 19804 | Orc:2    | Found the +8 whip "Snakebite" {venom, curare, rPois}
 20464 | D:12     | Found a burning altar of Makhleb.
 20506 | D:12     | Reached skill level 24 in Fighting
 22274 | D:13     | Found a gate to the Vaults.
 23066 | D:14     | Received a gift from Trog
 23314 | D:14     | Found a portal to a secret trove of treasure.
 23465 | D:14     | Found an ornate altar of the Wu Jian Council.
 24149 | D:15     | Entered Level 15 of the Dungeon
 24642 | D:15     | Reached skill level 25 in Fighting
 24655 | D:15     | Reached XP level 16. HP: 111/178 MP: 15/15
 24757 | D:15     | HP: 2/178 [meliai/divine providence (14)]
 24759 | D:15     | Mangled by an orc knight

Illustrated notes

Levels and vault maps discovered:
D:1:      amcnicky_arrival_gap_in_the_tavern_cellar, layout_loops_ring,
          serial_shops, nicolae_diamond_shop
D:2:      layout_basic, basic_altar, minmay_3d_cube
D:3:      layout_rooms
D:4:      minmay_wonky_spiral, layout_basic, cheibriados_altar_1,
          minmay_temple_entry_waves
D:5:      layout_cave_pools, mainiacjoe_overflow_tiny_flanked, serial_shops,
          nicolae_shop_crystal, lightli_sewer_entry_pipes
D:6:      gammafunk_cloud_chamber, layout_loops_ring, minmay_manual_monolith
D:7:      layout_basic, eat_drink_and_be_merry_uskayaw,
          lemuel_zombie_altar_yredelemnul, grunt_gozag_statues,
          gammafunk_ghost_stat_death, serial_glass, glass_columns_a,
          glass_columns_a
D:8:      layout_basic, nzn_overflow_gifts_of_might_and_magic,
          dpeg_lair_monsters
D:9:      layout_roguey, mainiacjoe_overflow_brackets, vehumet_altar_wand_db,
          uniq_psyche
D:10:     layout_long_grid, mainiacjoe_overflow_catwalk, minitemple, st_stairs_3
D:11:     layout_loops_cross, hiddenorc2_lemuel
D:12:     layout_roguey, minmay_statues_item, makhleb_altar_promises_db
D:13:     layout_small_grid, ximxim_vaults_locker_room
D:14:     layout_loops_corners, special_room [special_room_orc],
          serial_bayou_ford_a, trove_entry_hex_spiral,
          nicolae_wu_jian_wuxing_cycle
D:15:     gammafunk_enter_depths_forms, layout_long_grid, serial_bayou_pond_b,
          minmay_joined_circles
Lair:1:   layout_long_grid, ebering_ghost_reflecting_pool,
          hangedman_lair_unloving_vines, infiniplex_staircase_pool_2,
          lemuel_fruit_fields
Lair:2:   layout_regular_city, minmay_shoals_entry_lonely_mermaid,
          serial_bayou_pond_d, serial_bayou_pond_b
Lair:3:   layout_chaotic_city, minmay_holes
Lair:4:   layout_cave_shapes, minmay_snake_entry_guardpost_medium, st_stairs_9,
          kennysheep_snail_temple
Lair:5:   layout_hall_layers, slime_dummy, serial_bayou_shore_a,
          lemuel_fruit_fields, lemuel_fruit_tree
Lair:6:   hellmonk_lair_end_abyssal_woods, layout_gridlike
Shoals:1: layout_shoals
Orc:1:    layout_diamond_mine, basic_altar, lightli_church_of_beogh
Orc:2:    pf_orc_diabolical, layout_caves, serial_shops, shop_fountains

Skill      XL: |  1  2  3  4  5  6  7  8  9 10 11 12 13 14 15 |
---------------+----------------------------------------------+-----
Fighting       | 4 5 6 7 9 10 13 17 19 21 23 25 | 25.1
Maces & Flails | 4 5 6 7 8 10 12 14 | 14.0
Armour         | 3 4 5 7 8 10 13 15 17 19 21 | 21.2
Dodging        | 3 4 |  4.5
Stealth        | 1 2 |  2.6

Action                   |  1- 3 |  4- 6 |  7- 9 | 10-12 | 13-15 | 16-18 || total
-------------------------+-------+-------+-------+-------+-------+-------++-------
Melee: Mace              |    68 |    81 |   253 |       |       |       ||   402
       Headbutt          |     6 |    19 |    80 |   190 |   420 |     5 ||   720
       Flail             |       |       |    88 |     2 |       |       ||    90
       Demon whip        |       |       |       |   498 |   241 |       ||   739
       Great mace        |       |       |       |       |   446 |       ||   446
       Whip              |       |       |       |       |   406 |     9 ||   415
Invok: Berserk           |       |     1 |     5 |     8 |    10 |       ||    24
       Brothers in Arms  |       |       |       |     2 |     4 |       ||     6
       Trog's Hand       |       |       |       |       |     1 |       ||     1
  Use: Scroll            |     5 |     2 |     6 |     9 |     7 |       ||    29
       Potion            |       |     1 |     2 |     3 |     7 |     5 ||    18
 Stab: Distracted        |       |       |       |       |     1 |       ||     1
Armor: Animal skin       |     5 |       |       |       |       |       ||     5
       Chain mail        |    19 |     8 |       |       |       |       ||    27
       Plate armour      |       |    44 |   218 |   245 |   635 |    48 ||  1190
Dodge: Dodged            |    44 |    24 |   129 |   156 |   433 |    20 ||   806

Table legend: (Time is in decaauts)
 A = Elapsed time spent in this place.
 B = Non-inter-level travel time spent in this place.
 C = Inter-level travel time spent in this place.
 D = Time resting spent in this place.
 E = Time spent auto-exploring this place.
 F = Levels seen in this place.
 G = Mean time per level.
                   A        B        C        D        E       F      G
               +--------+--------+--------+--------+--------+-----+--------+
         Total |  24777 |  23878 |    899 |   4779 |  13782 |  25 |  991.1 |
       Dungeon |  14669 |  14112 |    557 |   1700 |   9380 |  15 |  977.9 |
          Lair |   5566 |   5339 |    227 |   1235 |   2929 |   6 |  927.7 |
        Shoals |      1 |      1 |      0 |      0 |      0 |   1 |    1.0 |
  Orcish Mines |   3197 |   3082 |    115 |   1694 |    603 |   2 | 1598.5 |
         Sewer |   1341 |   1341 |      0 |    150 |    869 |   1 | 1341.0 |
               +--------+--------+--------+--------+--------+-----+--------+

Top non-repeatable levels by time:
  Lair:6: 2158 daAuts
   Orc:2: 2038 daAuts
    D:14: 1547 daAuts
   Sewer: 1341 daAuts
     D:7: 1278 daAuts
    D:12: 1276 daAuts
  Lair:1: 1199 daAuts
    D:11: 1162 daAuts
   Orc:1: 1159 daAuts
     D:4: 1003 daAuts
     D:8: 991 daAuts
  Lair:2: 947 daAuts
    D:13: 942 daAuts
     D:1: 936 daAuts
    D:10: 929 daAuts
